SOL
MOBILE BEARS @ SAVANNAH INDIANS
05/15/1982
 
TOP OF THE 1ST
Mobile Bears batting - Pitching for Savannah Indians : LHP Dennis Rasmussen
Pitching: LHP Dennis Rasmussen
Batting: LHB Jeffrey Szczecinski 0-0: Ground out 4-3 (Groundball, 4S, EV 86.9 MPH)
Batting: RHB Bob Hendershot 0-0: Called Strike
0-1: Ball
1-1: Swinging Strike
1-2: Strikes out swinging
Batting: LHB Franklin Stubbs 0-0: Ball
1-0: Swinging Strike
1-1: Ball
2-1: Ball
3-1: Swinging Strike
3-2: Strikes out swinging
Top of the 1st over - 0 runs, 0 hits, 0 errors, 0 left on base; Mobile 0 - Savannah 0
BOTTOM OF THE 1ST
Savannah Indians batting - Pitching for Mobile Bears : RHP Antonio Morales
Pitching: RHP Antonio Morales
Batting: RHB Angel Salazar 0-0: Ball
1-0: Called Strike
1-1: Ball
2-1: Ball
3-1: Ground out 6-3 (Groundball, 6, EV 88.1 MPH)
Batting: RHB Eddie Vargas 0-0: Ball
1-0: Swinging Strike
1-1: Ball
2-1: Swinging Strike
2-2: Strikes out swinging
Batting: RHB Jim Paciorek 0-0: Ball
1-0: Ball
2-0: Called Strike
2-1: Called Strike
2-2: Strikes out swinging
Bottom of the 1st over - 0 runs, 0 hits, 0 errors, 0 left on base; Mobile 0 - Savannah 0
TOP OF THE 2ND
Mobile Bears batting - Pitching for Savannah Indians : LHP Dennis Rasmussen
Batting: SHB Dave Cochrane 0-0: Ball
1-0: Fly out, F9 (Flyball, 89M, EV 89.4 MPH)
Batting: RHB Jose Aguirre 0-0: Ball
1-0: Called Strike
1-1: SINGLE (Groundball, 25, EV 71.3 MPH) (infield hit)
Batting: SHB Paul Hundhammer 0-0: Ball
1-0: Ball
2-0: Foul Ball, location: 2F
2-1: Ball
3-1: Base on Balls
Jose Aguirre to second
Batting: RHB Alfred Welch 0-0: Ball
1-0: 3-RUN HOME RUN (Flyball, 7D, EV 88.8 MPH), Distance : 380 ft
Batting: RHB Jim Opie 0-0: Ball
1-0: Swinging Strike
1-1: Ball
2-1: Reached on error, E5 (Groundball, 56, EV 78.8 MPH)
Batting: LHB Douglas Latrenta 0-0: Foul Ball, location: 2F
0-1: Fielders Choice at 2nd, U6 (Groundball, 4M, EV 106.9 MPH)
Batting: LHB Jeffrey Szczecinski 0-0: Ball
1-0: Swinging Strike
1-1: Ball
2-1: Foul Ball, location: 2F
2-2: Fielders Choice at 2nd, U6 (Groundball, 6M, EV 80.0 MPH)
Top of the 2nd over - 3 runs, 2 hits, 1 error, 1 left on base; Mobile 3 - Savannah 0
BOTTOM OF THE 2ND
Savannah Indians batting - Pitching for Mobile Bears : RHP Antonio Morales
Batting: RHB Wade Rowdon 0-0: Called Strike
0-1: Fly out, F7 (Line Drive, 7, EV 94.4 MPH)
Batting: RHB Ramiro Gutierrez 0-0: Foul Ball, location: 2F
0-1: Fly out, F6 (Flyball, 56D, EV 83.1 MPH)
Batting: LHB Roberto Hernandez 0-0: Ball
1-0: Ball
2-0: Called Strike
2-1: Foul Ball, location: 2F
2-2: Ball
3-2: Strikes out swinging
Bottom of the 2nd over - 0 runs, 0 hits, 0 errors, 0 left on base; Mobile 3 - Savannah 0
TOP OF THE 3RD
Mobile Bears batting - Pitching for Savannah Indians : LHP Dennis Rasmussen
Batting: RHB Bob Hendershot 0-0: Ground out 6-3 (Groundball, 6S, EV 68.8 MPH)
Batting: LHB Franklin Stubbs 0-0: Ball
1-0: Foul Ball, location: 2F
1-1: Ball
2-1: Called Strike
2-2: Fly out, F8 (Line Drive, 8RD, EV 107.5 MPH)
Batting: SHB Dave Cochrane 0-0: Ball
1-0: Swinging Strike
1-1: Ball
2-1: Called Strike
2-2: Ball
3-2: Strikes out swinging
Top of the 3rd over - 0 runs, 0 hits, 0 errors, 0 left on base; Mobile 3 - Savannah 0
BOTTOM OF THE 3RD
Savannah Indians batting - Pitching for Mobile Bears : RHP Antonio Morales
Batting: LHB Steve Sbragia 0-0: Ball
1-0: Called Strike
1-1: Ground out 4-3 (Groundball, 4, EV 82.5 MPH)
Batting: RHB Mario Diaz 0-0: Called Strike
0-1: Ball
1-1: Ground out 4-3 (Groundball, 4, EV 80.0 MPH)
Batting: RHB T.J. Johnson 0-0: Ball
1-0: Ball
2-0: Ground out 5-3 (Groundball, 56, EV 92.5 MPH)
Bottom of the 3rd over - 0 runs, 0 hits, 0 errors, 0 left on base; Mobile 3 - Savannah 0
TOP OF THE 4TH
Mobile Bears batting - Pitching for Savannah Indians : LHP Dennis Rasmussen
Batting: RHB Jose Aguirre 0-0: Called Strike
0-1: Ball
1-1: Ball
2-1: SINGLE (Groundball, 4D, EV 105.0 MPH)
Batting: SHB Paul Hundhammer 0-0: Ball
1-0: Fly out, F8 (Flyball, 89D, EV 101.9 MPH)
Batting: RHB Alfred Welch 0-0: Ball
1-0: Called Strike
1-1: SINGLE (Flyball, 5D, EV 88.8 MPH)
Jose Aguirre to second
Batting: RHB Jim Opie 0-0: Called Strike
0-1: Called Strike
0-2: Ball
1-2: Strikes out looking
Batting: LHB Douglas Latrenta 0-0: Called Strike
0-1: Foul Ball, location: 2F
0-2: Ball
1-2: Ball
2-2: Fly out, F7 (Flyball, 7D, EV 103.8 MPH)
Top of the 4th over - 0 runs, 2 hits, 0 errors, 2 left on base; Mobile 3 - Savannah 0
BOTTOM OF THE 4TH
Savannah Indians batting - Pitching for Mobile Bears : RHP Antonio Morales
Batting: RHB Angel Salazar 0-0: Called Strike
0-1: Ball
1-1: Ball
2-1: SINGLE (Groundball, 6D, EV 98.8 MPH)
Batting: RHB Eddie Vargas 0-0: Ball
1-0: Fly out, F9 (Flyball, 9S, EV 80.0 MPH)
Batting: RHB Jim Paciorek 0-0: Ball
1-0: Ball
2-0: Called Strike
2-1: Foul Ball, location: 2F
2-2: Foul Ball, location: 2F
2-2: Ball
3-2: Foul Ball, location: 2F
3-2: Ground out 6-3 (Groundball, 6, EV 76.9 MPH)
Angel Salazar to second
Batting: RHB Wade Rowdon 0-0: Ball
1-0: Foul Ball, location: 2F
1-1: Ball
2-1: DOUBLE (Line Drive, 9LS, EV 94.4 MPH)
Angel Salazar scores
Batting: RHB Ramiro Gutierrez 0-0: Called Strike
0-1: Ball
1-1: Fly out, F4 (Popup, 3D, EV 45.0 MPH)
Bottom of the 4th over - 1 run, 2 hits, 0 errors, 1 left on base; Mobile 3 - Savannah 1
TOP OF THE 5TH
Mobile Bears batting - Pitching for Savannah Indians : LHP Dennis Rasmussen
Batting: LHB Jeffrey Szczecinski 0-0: Ball
1-0: Ball
2-0: Ball
3-0: Base on Balls
Batting: RHB Bob Hendershot 0-0: Ball
1-0: Ball
2-0: Called Strike
2-1: Ball
Wild Pitch!
Jeffrey Szczecinski to second
3-1: Base on Balls
Batting: LHB Franklin Stubbs 0-0: Ball
1-0: Swinging Strike
1-1: Ball
2-1: Ball
3-1: Base on Balls
Jeffrey Szczecinski to third
Bob Hendershot to second
Batting: SHB Dave Cochrane 0-0: Called Strike
0-1: Foul Ball, location: 2F
0-2: Strikes out swinging
Batting: RHB Jose Aguirre 0-0: Called Strike
0-1: Fly out, F3 (Flyball, 3D, EV 87.5 MPH)
Batting: SHB Paul Hundhammer 0-0: Ground out 3-1 (Groundball, 34S, EV 78.8 MPH)
Top of the 5th over - 0 runs, 0 hits, 0 errors, 3 left on base; Mobile 3 - Savannah 1
BOTTOM OF THE 5TH
Savannah Indians batting - Pitching for Mobile Bears : RHP Antonio Morales
Batting: LHB Roberto Hernandez 0-0: Foul Ball, location: 2F
0-1: Called Strike
0-2: Foul Ball, location: 2F
0-2: Fly out, F8 (Flyball, 8LXD, EV 77.5 MPH)
Batting: LHB Steve Sbragia 0-0: Called Strike
0-1: Ground out 4-3 (Groundball, 4, EV 99.4 MPH)
Batting: RHB Mario Diaz 0-0: Ball
1-0: Foul Ball, location: 2F
1-1: Foul Ball, location: 2F
1-2: Ball
2-2: Strikes out swinging
Bottom of the 5th over - 0 runs, 0 hits, 0 errors, 0 left on base; Mobile 3 - Savannah 1
TOP OF THE 6TH
Mobile Bears batting - Pitching for Savannah Indians : LHP Dennis Rasmussen
Batting: RHB Alfred Welch 0-0: Ball
1-0: Foul Ball, location: 2F
1-1: SOLO HOME RUN (Flyball, 7LD, EV 102.5 MPH), Distance : 367 ft
Batting: RHB Jim Opie 0-0: Ball
1-0: Ball
2-0: Called Strike
2-1: Called Strike
2-2: Strikes out looking
Batting: LHB Douglas Latrenta 0-0: Foul Ball, location: 2F
0-1: Ball
1-1: Fly out, F2 (Popup, 2RF, EV 84.4 MPH)
Batting: LHB Jeffrey Szczecinski 0-0: Called Strike
0-1: Foul Ball, location: 2F
0-2: Ball
1-2: Ball
2-2: Fly out, F9 (Line Drive, 9, EV 89.4 MPH)
Top of the 6th over - 1 run, 1 hit, 0 errors, 0 left on base; Mobile 4 - Savannah 1
BOTTOM OF THE 6TH
Savannah Indians batting - Pitching for Mobile Bears : RHP Antonio Morales
Batting: RHB T.J. Johnson 0-0: Ground out 4-3 (Groundball, 4, EV 95.6 MPH)
Batting: RHB Angel Salazar 0-0: Ball
1-0: Ball
2-0: Called Strike
2-1: Ball
3-1: Base on Balls
Batting: RHB Eddie Vargas 0-0: Called Strike
0-1: Ball
1-1: Grounds into double play, 5-4-3 (Groundball, 56S, EV 84.4 MPH)
Bottom of the 6th over - 0 runs, 0 hits, 0 errors, 0 left on base; Mobile 4 - Savannah 1
TOP OF THE 7TH
Mobile Bears batting - Pitching for Savannah Indians : LHP Dennis Rasmussen
Batting: RHB Bob Hendershot 0-0: Called Strike
0-1: Ball
1-1: Ball
2-1: Foul Ball, location: 2F
2-2: Ball
3-2: Fly out, F8 (Flyball, 78S, EV 91.9 MPH)
Batting: LHB Franklin Stubbs 0-0: Ball
1-0: Ball
2-0: Foul Ball, location: 2F
2-1: Fly out, F6 (Popup, 6D, EV 71.3 MPH)
Batting: SHB Dave Cochrane 0-0: Called Strike
0-1: Foul Ball, location: 2F
0-2: Foul Ball, location: 2F
0-2: Ball
1-2: Fly out, F6 (Popup, 56D, EV 45.0 MPH)
Top of the 7th over - 0 runs, 0 hits, 0 errors, 0 left on base; Mobile 4 - Savannah 1
BOTTOM OF THE 7TH
Savannah Indians batting - Pitching for Mobile Bears : RHP Antonio Morales
Batting: RHB Jim Paciorek 0-0: Ball
1-0: Ball
2-0: Foul Ball, location: 2F
2-1: Foul Ball, location: 2F
2-2: Fly out, F7 (Flyball, 7, EV 90.6 MPH)
Batting: RHB Wade Rowdon 0-0: Ball
1-0: Called Strike
1-1: Foul Ball, location: 2F
1-2: Ball
2-2: Fly out, F6 (Line Drive, 6, EV 65.6 MPH)
Batting: RHB Ramiro Gutierrez 0-0: Ball
1-0: Ball
2-0: Ball
3-0: Called Strike
3-1: Foul Ball, location: 2F
3-2: SINGLE (Groundball, 6MD, EV 97.5 MPH)
Batting: LHB Roberto Hernandez 0-0: Called Strike
0-1: Ball
1-1: Called Strike
Ramiro Gutierrez steals 2nd base
1-2: Ball
2-2: Strikes out swinging
Bottom of the 7th over - 0 runs, 1 hit, 0 errors, 1 left on base; Mobile 4 - Savannah 1
TOP OF THE 8TH
Mobile Bears batting - Pitching for Savannah Indians : LHP Dennis Rasmussen
Batting: RHB Jose Aguirre 0-0: Fly out, F8 (Flyball, 8RD, EV 90.6 MPH)
Batting: SHB Paul Hundhammer 0-0: Foul Ball, location: 2F
0-1: Called Strike
0-2: Strikes out swinging
Batting: RHB Alfred Welch 0-0: Ball
1-0: Ball
2-0: Foul Ball, location: 2F
2-1: Ball
3-1: Foul Ball, location: 2F
3-2: Foul Ball, location: 2F
3-2: Base on Balls
Batting: RHB Jim Opie 0-0: Ball
1-0: Called Strike
1-1: Foul Ball, location: 2F
1-2: Strikes out swinging
Top of the 8th over - 0 runs, 0 hits, 0 errors, 1 left on base; Mobile 4 - Savannah 1
BOTTOM OF THE 8TH
Savannah Indians batting - Pitching for Mobile Bears : RHP Antonio Morales
Batting: LHB Steve Sbragia 0-0: Ball
1-0: Ball
2-0: TRIPLE (Line Drive, 89XD, EV 108.1 MPH)
Batting: RHB Mario Diaz 0-0: Ball
1-0: Fly out, F7 (Flyball, 7LS, EV 85.0 MPH)
Batting: RHB T.J. Johnson 0-0: Ground out 5-3 (Groundball, 56S, EV 86.3 MPH)
Steve Sbragia scores
Batting: RHB Angel Salazar 0-0: Ground out 5-3 (Groundball, 56S, EV 66.3 MPH)
Bottom of the 8th over - 1 run, 1 hit, 0 errors, 0 left on base; Mobile 4 - Savannah 2
TOP OF THE 9TH
Mobile Bears batting - Pitching for Savannah Indians : LHP Dennis Rasmussen
Pitching: LHP John LoCascio
Batting: LHB Douglas Latrenta 0-0: Ball
1-0: Called Strike
1-1: Ground out 6-3 (Groundball, 6, EV 100.6 MPH)
Batting: LHB Jeffrey Szczecinski 0-0: Ball
1-0: Ball
2-0: SINGLE (Flyball, 8LS, EV 87.5 MPH)
Batting: RHB Bob Hendershot 0-0: Ball
1-0: SINGLE (Line Drive, 7S, EV 89.4 MPH)
Jeffrey Szczecinski to second
Pitching: RHP Joel Willett
Batting: LHB Franklin Stubbs 0-0: Ball
1-0: Ball
2-0: Ball
3-0: Base on Balls
Jeffrey Szczecinski to third
Bob Hendershot to second
Batting: SHB Dave Cochrane 0-0: Ball
Wild Pitch!
Jeffrey Szczecinski scores
Bob Hendershot to third
Franklin Stubbs to second
1-0: Ground out 3-1 (Groundball, 34, EV 85.6 MPH)
Bob Hendershot scores
Franklin Stubbs to third
Batting: RHB Jose Aguirre 0-0: Ball
1-0: Ball
2-0: Ground out 4-3 (Groundball, 34, EV 103.1 MPH)
Top of the 9th over - 2 runs, 2 hits, 0 errors, 1 left on base; Mobile 6 - Savannah 2
BOTTOM OF THE 9TH
Savannah Indians batting - Pitching for Mobile Bears : RHP Antonio Morales
Pitching: RHP Ruben Nevarez
Batting: RHB Eddie Vargas 0-0: Ball
1-0: Swinging Strike
1-1: Fly out, F7 (Flyball, 7, EV 74.4 MPH)
Batting: RHB Jim Paciorek 0-0: SINGLE (Line Drive, 8LS, EV 100.6 MPH)
Batting: RHB Wade Rowdon 0-0: Swinging Strike
0-1: Called Strike
0-2: Foul Ball, location: 2F
0-2: Foul Ball, location: 2F
0-2: Foul Ball, location: 2F
0-2: Ball
Passed Ball!
Jim Paciorek to second
1-2: Strikes out swinging
Batting: RHB Ramiro Gutierrez 0-0: Ball
1-0: Ball
2-0: Called Strike
2-1: Fly out, F6 (Flyball, 6D, EV 86.9 MPH)
Bottom of the 9th over - 0 runs, 1 hit, 0 errors, 1 left on base; Mobile 6 - Savannah 2
Thursday, July 30th, 2020 - OOTP Baseball 21.5 Build 71